 Dungeon Crawl Stone Soup version 0.29-a0-243-g602b31c20e (webtiles) character file.

Game seed: 17169196083250286583

1357 enile the Magician (level 8, 0/59 HPs)
             Began as a Djinni Air Elementalist on Mar 5, 2022.
             Was a Believer of Ru.
             Slain by a wight
             ... wielding a +0 long sword
              (3 damage)
             ... on level 7 of the Dungeon.
             The game lasted 00:08:44 (7997 turns).

enile the Magician (Djinni Air Elementalist)        Turns: 7997, Time: 00:08:44

Health: 0/59       AC: 13    Str:  7    XL:     8   Next: 95%
Gold:   216        EV: -1    Int: 25    God:    Ru [**....] SH:  0 Dex: 14

rFire   + . .      SeeInvis .   C - +0 flail (holy)
rCold   x . .      Faith    .   (no shield)
rNeg    . . .      Spirit   .   F - +8 plate armour "Nyckoa" {rF- Int+6}
rPois   ∞          Reflect  .   (no helmet)
rElec   .          Harm     .   (no cloak)
rCorr   .          Rampage  .   (no gloves)
Will    .....      NoTele   +   (boots unavailable)
Stlth   ..........              c - amulet of the acrobat
HPRegen 0.19/turn               (no ring)
MPRegen 0.00/turn               (no ring)

@: immobile, flying, very slightly contaminated
A: sickness immunity, fire resistance 2, screaming 1, cold vulnerability 1, no
stealth, reduced AC 1, float, innate caster, HP casting, extra vitality 1
a: Renounce Religion


You were on level 7 of the Dungeon.
You worshipped Ru.
Ru was pleased with you.
You visited 1 branch of the dungeon, and saw 7 of its levels.
You also visited: Sewer.

You collected 216 gold pieces.

Inventory:

Hand Weapons
 f - a +0 hand axe of venom
 v - a +0 flail
 w - the +6 spear "Essoc" {vorpal, rF+ Str+5}
   (You found it on level 4 of the Dungeon)

   It inflicts extra damage upon your enemies.
   Str:       It affects your strength (+5).
   rF:        It protects you from fire.
 C - a +0 flail of holy wrath (weapon)
 E - a +2 whip of pain
Armour
 a - a +0 robe
 i - a +0 helmet
 n - a +0 kite shield
 F - the +8 plate armour "Nyckoa" (worn) {rF- Int+6}
   (You took it off an orc on level 5 of the Dungeon)

   Int:       It affects your intelligence (+6).
   rF:        It makes you vulnerable to fire.
Jewellery
 c - an amulet of the acrobat (around neck)
 I - a +4 ring of protection
Wands
 q - a wand of flame (23)
 t - a wand of digging (2) (quivered)
 A - a wand of charming (8)
 G - a wand of acid (7)
Scrolls
 d - 3 scrolls of amnesia
 e - a scroll of fog
 g - a scroll of brand weapon
 h - 2 scrolls of immolation {unknown}
 k - 2 scrolls of noise {unknown}
 m - a scroll of blinking {unknown}
 r - 3 scrolls of identify {unknown}
 s - 3 scrolls of vulnerability {unknown}
 u - a scroll of enchant armour {unknown}
 y - 2 scrolls of fear {unknown}
 H - a scroll of enchant weapon {unknown}
Potions
 b - 8 potions of curing
 j - a potion of magic {unknown}
 l - 2 potions of attraction {unknown}
 o - 3 potions of flight
 p - a potion of heal wounds {unknown}
 x - a potion of haste
 z - a potion of mutation {unknown}
 B - a potion of degeneration {unknown}
 D - a potion of ambrosia {unknown}


   Skills:
 - Level 5.0 Fighting
 + Level 1.4 Armour
 - Level 3.0 Dodging
 - Level 7.0 Spellcasting


You had 6 spell levels left.
You knew the following spells:

 Your Spells              Type           Power      Damage    Failure   Level
a - Shock                 Conj/Air       100%       1d9       100%        1
b - Static Discharge      Conj/Air       43%        N/A       100%        2
c - Swiftness             Air            43%        N/A       100%        3
d - Airstrike             Air            21%        N/A       100%        4
e - Apportation           Tloc           86%        N/A       100%        1
f - Blink                 Tloc           86%        N/A       100%        2
g - Searing Ray           Conj           86%        2d7       100%        2
Your spell library was empty.


Dungeon Overview and Level Annotations

Branches:
Dungeon (7/15)             Temple (0/1) D:6           Sewer (visited)

Altars:
Okawaru
Qazlal
Ru


Innate Abilities, Weirdness & Mutations

You are immune to sickness and miasma.
You are immune to poison.
Your flesh is very heat resistant. (rF++)
You occasionally shout uncontrollably at your foes.
You are vulnerable to cold. (rC-)
You cannot be stealthy.
You take slightly more damage. (AC -5)
You float through the air rather than walking.
You learn spells naturally, not from books.
Your magical power is your life essence.
You have superior vitality. (+4 MHP)


Message History

The wight is heavily damaged.
The wight hits you with a +0 long sword.
The wight hits you but does no damage.
You hit the wight but do no damage.
The wight is heavily damaged.
The wight hits you with a +0 long sword.
You hit the wight.
The wight convulses.
The wight is severely damaged.
The wight hits you with a +0 long sword.
The wight hits you but does no damage.
You barely miss the wight.
The wight is severely damaged.
The wight hits you with a +0 long sword.
You barely miss the wight.
The wight is severely damaged.
The wight hits you with a +0 long sword.
* * * LOW HITPOINT WARNING * * *
You focus your inner power and illuminate the wight in retribution!
You hit the wight but do no damage.
The wight is severely damaged.
The wight hits you but does no damage.
The wight hits you with a +0 long sword.
* * * LOW HITPOINT WARNING * * *
You barely miss the wight.
The wight is severely damaged.
The wight hits you but does no damage.
You hit the wight but do no damage.
The wight is severely damaged.
The wight hits you but does no damage.
The wight hits you with a +0 long sword!
* * * LOW HITPOINT WARNING * * *
Casting: Shock (safe; 100% risk of failure)
Confirm with . or Enter, or press ? or * to list all spells.
You miscast Blink.
You are very lightly contaminated with residual magic.
The world appears momentarily distorted.
You are magically locked in place.
* * * LOW HITPOINT WARNING * * *
The wight hits you with a +0 long sword.
You die...

#.# #.#
#.####
#....#
##....#
....<#
#z..)#
#@...#
######


You could see a wight (corona).

Vanquished Creatures
  Prince Ribbit (D:5)
  Edmund (D:4)
  Menkaure (D:5)
  A black bear (D:6)
  A kobold brigand (Sewer)
  A bullfrog (D:4)
  A necrophage (D:4)
  A wight (D:6)
  4 hounds (D:5)
  An orc priest (D:5)
  An iguana (D:5)
  2 orc wizards (D:5)
  Natasha (thrice) (D:2)
  13 adders
  4 gnolls (D:3)
  3 ufetubi
  A worm (D:2)
  2 dart slugs
  9 orcs
  8 bats
  6 endoplasms
  3 giant cockroaches
  7 goblins
  7 hobgoblins
  15 jackals
  4 quokkas
  8 ball pythons
  3 frilled lizards
  8 kobolds
  10 rats
130 creatures vanquished.

Notes
Turn   | Place    | Note
-------+----------+-------------------------------------------
     0 | D:1      | enile the Djinni Air Elementalist began the quest for the
                  | Orb.
     0 | D:1      | Reached XP level 1. HP: 15/15 MP: 0/0
   101 | D:1      | Reached skill level 1 in Fighting
   272 | D:1      | Reached XP level 2. HP: 19/22 MP: 0/0
   333 | D:1      | Found a faded altar of an unknown god.
   350 | D:1      | Prayed at the altar of an unknown god.
   350 | D:1      | Became a worshipper of Ru the Awakened
   424 | D:1      | Gained mutation: You cannot be stealthy. [Ru sacrifice]
  1069 | D:1      | Reached XP level 3. HP: 20/29 MP: 0/0
  1069 | D:1      | Learned a level 1 spell: Apportation
  1751 | D:2      | Reached XP level 4. HP: 26/35 MP: 0/0
  2389 | D:2      | Noticed Natasha
  2394 | D:2      | Killed Natasha
  2395 | D:2      | Reached skill level 3 in Spellcasting
  2651 | D:2      | Noticed Natasha
  2657 | D:2      | Killed Natasha
  2658 | D:2      | Reached XP level 5. HP: 29/40 MP: 0/0
  2658 | D:2      | Learned a level 2 spell: Blink
  2967 | D:2      | Noticed Natasha
  2971 | D:2      | Killed Natasha
  3306 | D:3      | Found a sacrificial altar of Ru.
  3311 | D:3      | Reached skill level 4 in Spellcasting
  3409 | D:3      | Found a stormy altar of Qazlal.
  3424 | D:3      | Gained mutation: You occasionally shout uncontrollably at
                  | your foes. [Ru sacrifice]
  3424 | D:3      | Reached * piety under Ru
  3486 | D:3      | Found a glowing drain.
  3490 | Sewer    | Entered a sewer
  3493 | Sewer    | Reached XP level 6. HP: 44/46 MP: 0/0
  3732 | Sewer    | Found a glowing silver altar of Zin.
  4977 | D:4      | Identified the +6 spear "Essoc" {vorpal, rF+ Str+5}
  5192 | D:4      | Reached skill level 5 in Fighting
  5192 | D:4      | Reached XP level 7. HP: 50/54 MP: 0/0
  5192 | D:4      | Learned a level 2 spell: Searing Ray
  5678 | D:5      | Entered Level 5 of the Dungeon
  5682 | D:5      | Found an iron altar of Okawaru.
  5710 | D:5      | Noticed Menkaure
  5716 | D:5      | Killed Menkaure
  5808 | D:5      | Reached skill level 5 in Spellcasting
  6118 | D:4      | Reached XP level 8. HP: 31/59 MP: 0/0
  6372 | D:5      | Noticed Edmund
  6396 | D:4      | Killed Edmund
  6817 | D:5      | Noticed Prince Ribbit
  6834 | D:5      | Killed Prince Ribbit
  6835 | D:5      | Reached skill level 6 in Spellcasting
  7051 | D:5      | Identified the +8 plate armour "Nyckoa" {rF- Int+6}
  7213 | D:5      | Gained mutation: You take slightly more damage. (AC -5) [Ru
                  | sacrifice]
  7213 | D:5      | Reached ** piety under Ru
  7691 | D:6      | Reached skill level 7 in Spellcasting
  7854 | D:6      | Found a staircase to the Ecumenical Temple.
  7980 | D:6      | Reached skill level 1 in Armour
  7997 | D:7      | Slain by a wight

Illustrated notes

Levels and vault maps discovered:
D:1:      shiori_arrival_maze, layout_basic,
          chequers_ecumenical_altar_simple_redux
D:2:      layout_loops_ring, eino_tiny_chamber, uniq_natasha
D:3:      layout_basic, lemuel_round_altar, nicolae_ru_great_annihilating_truth,
          gup_sewer_entry_bowl
D:4:      layout_loops_cross, chequers_serial_rivers_small_b
D:5:      layout_loops_ring, okawaru_gym_becter, kennysheep_generic_room_8,
          uniq_edmund, uniq_prince_ribbit1, uniq_menkaure
D:6:      layout_basic, minmay_temple_entry_purple_smoke,
          small_statue_intersection, chequers_hall_statues_corner_a,
          solitary_fountain, mrwooster_statue_mirror
D:7:      layout_rooms

Skill      XL: |  1  2  3  4  5  6  7  8 |
---------------+-------------------------+-----
Fighting       | 1 2 3 5 |  5.0
Stealth        | 0 |  0.0
Spellcasting   | 3 4 5 7 |  7.0
Dodging        | 3 |  3.0
Armour         | 1 |  1.4

Action                   |  1- 3 |  4- 6 |  7- 9 || total
-------------------------+-------+-------+-------++-------
Melee: Hand axe          |       |    25 |       ||    25
       Spear             |       |     5 |    35 ||    40
       Flail             |       |       |    14 ||    14
 Cast: Shock             |    74 |   136 |    92 ||   302
       Static Discharge  |     4 |     5 |    15 ||    24
       Searing Ray       |       |       |     2 ||     2
       Blink             |       |       |     1 ||     1
Invok: Sacrifice Stealth |     1 |       |       ||     1
       Sacrifice Purity  |       |     1 |       ||     1
       Sacrifice Health  |       |       |     1 ||     1
Evoke: Wand              |       |     1 |       ||     1
  Use: Scroll            |       |     3 |       ||     3
 Stab: Paralysed         |       |     1 |       ||     1
Armor: Robe              |     1 |    11 |     5 ||    17
       Plate armour      |       |       |    24 ||    24
Dodge: Dodged            |    13 |    43 |    47 ||   103

Table legend: (Time is in decaauts)
 A = Elapsed time spent in this place.
 B = Non-inter-level travel time spent in this place.
 C = Inter-level travel time spent in this place.
 D = Time resting spent in this place.
 E = Time spent auto-exploring this place.
 F = Levels seen in this place.
 G = Mean time per level.
                   A        B        C        D        E       F      G
               +--------+--------+--------+--------+--------+-----+--------+
         Total |   8014 |   7550 |    464 |    533 |   5950 |   8 | 1001.8 |
       Dungeon |   7734 |   7270 |    464 |    533 |   5735 |   7 | 1104.9 |
         Sewer |    280 |    280 |      0 |      0 |    215 |   1 |  280.0 |
               +--------+--------+--------+--------+--------+-----+--------+

Top non-repeatable levels by time:
     D:2: 1696 daAuts
     D:1: 1623 daAuts
     D:5: 1529 daAuts
     D:4: 1309 daAuts
     D:3: 1255 daAuts
     D:6: 305 daAuts
   Sewer: 280 daAuts
     D:7: 14 daAuts
